Map: Magannatha LE

Players

Serral - Winner!

  • Race: Zerg Zerg
  • Spawn Location: 11:00

Classic

  • Race: Protoss Protoss
  • Spawn Location: 5:00

Event: Esports World Cup 2025

VOD

Have the link to the VOD?

Description

Time

  • Played on: July 25, 2025, 1 p.m.
  • Length: 13:58

All games in this series

Show
View Real Time Build Order
Export as new Build Order

Serral Zerg - Winner!

Build Orders: Hatch First, Lurkers 

Get SALT Encoding   

  12  0:00  Drone  
  13  0:08  Drone  
  14  0:15  Drone, Extractor  
  15  0:21  Overlord  
  15  0:41  Drone  
  16  0:45  Hatchery  
  16  0:49  Drone  
  16  0:52  Drone  
  16  0:56  Drone  
  18  1:08  Extractor  
  17  1:12  Spawning Pool  
  17  1:15  Drone  
  17  1:17  Drone  
  18  1:26  Drone  
  19  1:37  Drone  
  20  1:49  Drone  
  21  1:58  Queen x2  
  21  2:01  Zergling x2  
  26  2:02  Overlord  
  26  2:09  Drone x2  
  26  2:13  Metabolic Boost  
  28  2:21  Zergling x2  
  28  2:22  Drone  
  30  2:31  Drone  
  30  2:34  Queen  
  33  2:43  Hatchery  
  32  2:47  Overlord  
  32  2:49  Drone  
  33  2:52  Drone  
  33  2:55  Drone  
  35  3:00  Overlord  
  35  3:07  Drone x4  
  35  3:09  Drone  
  40  3:15  Queen  
  42  3:20  Spore Crawler  
  42  3:23  Zergling x2  
  42  3:24  Drone  
  42  3:26  Zergling x2  
  42  3:34  Zergling x4  
  42  3:37  Drone x3  
  46  3:43  Spore Crawler  
  46  3:46  Drone x2  
  46  3:48  Spore Crawler  
  46  3:51  Drone  
  46  3:55  Drone x3  
  49  4:01  Drone  
  49  4:02  Evolution Chamber  
  49  4:03  Drone x2  
  49  4:09  Queen  
  53  4:12  Overlord  
  53  4:14  Drone  
  53  4:16  Drone  
  55  4:19  Drone  
  55  4:23  Drone  
  57  4:26  Overlord  
  57  4:29  Zerg Melee Weapons Level 1  
  57  4:32  Drone x3, Spore Crawler  
  57  4:35  Drone  
  57  4:36  Drone x2  
  62  4:40  Overlord  
  62  4:44  Zergling x4  
  65  4:45  Drone  
  65  4:51  Drone x3  
  65  4:52  Roach Warren  
  67  4:55  Queen  
  67  4:58  Overlord  
  69  5:04  Drone x4  
  69  5:06  Overlord  
  73  5:08  Extractor  
  73  5:10  Overlord  
  71  5:14  Lair  
  71  5:19  Hatchery  
  71  5:20  Zergling x2  
  71  5:22  Drone x3  
  71  5:28  Zergling x2  
  75  5:29  Drone x4  
  75  5:34  Drone x2  
  81  5:36  Drone x2  
  81  5:40  Drone  
  81  5:41  Extractor  
  82  5:43  Baneling Nest  
  82  5:44  Drone  
  82  5:46  Drone x3  
  82  5:47  Drone  
  86  5:52  Drone x4  
  90  5:57  Drone x3  
  90  6:00  Zergling x4  
  90  6:02  Hatchery  
  90  6:04  Extractor  
  93  6:05  Overlord  
  93  6:08  Zergling x2  
  93  6:09  Zergling x2  
  95  6:17  Drone  
  95  6:18  Drone x2, Hydralisk Den  
  97  6:19  Drone  
  97  6:24  Zerg Missile Weapons Level 1  
  97  6:25  Overlord x2  
  98  6:26  Zergling x2  
  98  6:27  Zergling x4  
  98  6:30  Centrifugal Hooks  
  101  6:33  Zergling x2  
  101  6:34  Zergling x6  
  105  6:40  Drone x2, Extractor  
  105  6:41  Extractor  
  105  6:42  Drone x2, Overlord  
  105  6:44  Drone  
  105  6:46  Overlord  
  108  6:47  Overlord  
  108  6:48  Overlord  
  108  6:51  Muscular Augments  
  108  6:54  Drone x3  
  108  6:55  Extractor  
  108  6:59  Overlord  
  108  7:00  Hydralisk x5  
  120  7:06  Hydralisk x3  
  126  7:13  Drone x5  
  126  7:14  Drone, Hydralisk x2  
  136  7:19  Hydralisk x2  
  140  7:25  Hydralisk x2  
  144  7:34  Zergling x14  
  151  7:41  Pneumatized Carapace  
  151  7:46  Overlord x2  
  151  7:47  Overlord x3  
  151  7:48  Zergling x12  
  157  7:55  Grooved Spines  
  157  7:56  Zergling x10  
  162  8:03  Baneling x4  
  162  8:06  Zergling x20  
  172  8:17  Zergling x20  
  182  8:25  Zergling x14  
  189  8:30  Baneling x33  
  189  8:31  Baneling x3  
  189  8:32  Zergling x8  
  193  8:37  Zergling x14  
  200  8:43  Baneling x9  
  199  9:00  Baneling x7  
  199  9:03  Infestation Pit  
  197  9:15  Zergling x12  
  182  9:18  Zergling x30  
  182  9:20  Zergling x4  
  182  9:21  Zergling x14  
  172  9:25  Zergling x2  
  172  9:27  Zergling x2  
  172  9:28  Zerg Missile Weapons Level 2  
  172  9:29  Zergling x2  
  167  9:35  Drone x3  
  167  9:36  Drone x3  
  167  9:37  Hydralisk x5  
  167  9:38  Zergling x8  
  186  9:39  Zergling x4  
  186  9:45  Baneling x16  
  178  9:48  Zergling x10  
  178  9:56  Zergling x6  
  174  10:01  Zergling x12  
  174  10:05  Hive  
  179  10:07  Drone x2, Extractor  
  179  10:08  Drone, Lurker Den  
  179  10:10  Zergling x16  
  188  10:16  Baneling x8  
  188  10:17  Zergling x10  
  189  10:24  Zergling x2  
  173  10:29  Zergling x14  
  173  10:32  Zergling x12  
  177  10:38  Baneling x7  
  173  10:43  Zergling x2  
  173  10:44  Zergling x18  
  181  10:52  Drone x3, Overseer  
  170  10:58  Hydralisk x5  
  170  11:01  Zergling x2  
  170  11:02  Zergling x10  
  163  11:08  Extractor  
  163  11:10  Extractor  
  160  11:11  Drone x3  
  160  11:12  Drone x3  
  160  11:13  Overlord x3  
  166  11:18  Seismic Spines  
  166  11:19  Adrenal Glands  
  166  11:20  Zergling x10  
  166  11:21  Lurker x4  
  175  11:27  Hatchery  
  175  11:31  Zergling x18  
  180  11:46  Burrow  
  180  11:48  Lurker x2  
  180  11:51  Lurker x3  
  180  11:54  Zergling x16, Spine Crawler x2  
  176  11:55  Zergling x8, Spine Crawler  
  176  11:57  Lurker x3  
  185  12:04  Spine Crawler  
  185  12:05  Drone, Spire  
  185  12:06  Drone x2  
  185  12:08  Drone  
  186  12:13  Lurker  
  186  12:15  Adaptive Talons  
  186  12:16  Overseer  
  186  12:21  Hydralisk x2  
  186  12:22  Zergling x10  
  189  12:30  Zergling x20  
  189  12:35  Hydralisk x2  
  189  12:36  Zergling x4  
  199  12:37  Zergling x10  
  195  12:52  Zergling x10  
  195  12:56  Extractor  
  195  12:57  Hydralisk, Extractor  
  195  12:58  Zergling x2  
  200  13:05  Hydralisk x2  
  194  13:06  Zergling x4  
  199  13:16  Zergling x6  
  199  13:19  Hydralisk x3  
  200  13:26  Hydralisk x2  
  200  13:27  Zergling x18  
  198  13:33  Hydralisk x6  
  199  13:34  Zergling x2  
  199  13:40  Zergling x2  
  199  13:41  Zergling x4  
Show
View Real Time Build Order
Export as new Build Order

Classic Protoss 

Build Orders: 1 Gate Expand, Oracle Opening, Zealot Archon 

Get SALT Encoding   

  12  0:00  Probe  
  13  0:12  Probe  
  14  0:17  Pylon  
  14  0:24  Probe  
  15  0:32  Probe  
  15  0:38  Gateway  
  15  0:40  Probe  
  16  0:46  Assimilator  
  17  0:51  Probe  
  18  1:03  Probe  
  19  1:15  Probe  
  20  1:23  Nexus  
  20  1:33  Cybernetics Core  
  20  1:35  Probe  
  21  1:42  Assimilator  
  21  1:47  Probe  
  21  1:51  Pylon  
  22  2:00  Probe, Adept  
  23  2:12  Probe  
  23  2:14  Stargate  
  26  2:23  Warp Gate  
  26  2:24  Probe  
  27  2:30  Adept  
  27  2:32  Probe x2  
  31  2:40  Probe x2  
  31  2:50  Probe x2  
  31  2:51  Oracle  
  35  3:02  Probe x2  
  40  3:06  Gateway  
  40  3:10  Pylon  
  40  3:14  Probe  
  40  3:16  Adept  
  43  3:20  Probe  
  43  3:22  Oracle  
  43  3:26  Probe  
  45  3:32  Probe  
  49  3:38  Probe  
  50  3:45  Probe  
  49  3:50  Probe  
  48  3:57  Probe, Nexus  
  48  3:58  Pylon  
  50  4:02  Probe  
  50  4:04  Assimilator  
  50  4:05  Assimilator  
  50  4:09  Probe  
  51  4:13  Twilight Council  
  51  4:15  Probe  
  51  4:16  Adept  
  54  4:17  Adept  
  54  4:20  Pylon  
  54  4:23  Probe  
  57  4:27  Probe  
  57  4:28  Forge  
  58  4:35  Probe  
  59  4:39  Probe  
  59  4:42  Gateway  
  59  4:43  Gateway  
  60  4:46  Probe  
  60  4:48  Probe  
  60  4:50  Blink  
  60  4:52  Templar Archives  
  62  4:54  Probe  
  62  4:56  Probe  
  63  5:03  Probe  
  63  5:05  Probe  
  63  5:07  Probe  
  64  5:11  Protoss Ground Weapons Level 1  
  67  5:15  Probe x2  
  67  5:17  Probe  
  70  5:23  Gateway x2  
  70  5:25  Probe  
  70  5:27  Probe  
  72  5:29  Probe, Stalker  
  72  5:30  Stalker  
  72  5:32  Assimilator  
  72  5:34  Pylon  
  77  5:37  Assimilator  
  77  5:39  Shield Battery  
  77  5:42  Probe x3  
  80  5:43  Psionic Storm  
  80  5:54  Probe x3  
  83  5:58  Photon Cannon  
  83  5:59  Pylon  
  83  6:04  High Templar x2  
  83  6:05  Stalker x2  
  91  6:15  Nexus  
  91  6:19  Pylon  
  91  6:23  Gateway x2  
  91  6:26  Probe x3  
  91  6:30  Pylon  
  94  6:38  Probe x3  
  94  6:39  Stalker x2  
  101  6:40  High Templar x2  
  101  6:43  Pylon  
  101  6:45  High Templar x2  
  109  6:50  Probe x3  
  112  6:56  Robotics Facility  
  112  6:58  Assimilator, Charge  
  112  7:02  Probe x3, Assimilator  
  115  7:10  Photon Cannon  
  115  7:12  Pylon, Stargate  
  115  7:15  Probe x2  
  117  7:17  Probe  
  117  7:18  Photon Cannon  
  118  7:26  Photon Cannon  
  118  7:27  Pylon, Probe x2  
  120  7:31  Probe x2  
  120  7:32  Protoss Ground Weapons Level 2  
  120  7:36  High Templar x2  
  126  7:39  Probe  
  126  7:40  Archon  
  127  7:45  Observer  
  127  7:46  Photon Cannon  
  127  7:48  Photon Cannon  
  127  7:49  Photon Cannon x2  
  127  7:50  Shield Battery  
  127  7:51  Shield Battery  
  128  7:59  Fleet Beacon, Stargate  
  128  8:05  Immortal  
  128  8:06  Shield Battery  
  128  8:12  Photon Cannon  
  132  8:23  High Templar x2  
  132  8:24  Zealot x6  
  145  8:28  Archon  
  145  8:32  Pylon x2  
  145  8:35  Photon Cannon  
  145  8:37  Photon Cannon  
  145  8:41  Photon Cannon x2  
  145  8:45  Immortal  
  145  8:46  High Templar x2  
  145  8:47  High Templar x2  
  153  8:51  Archon  
  153  8:53  Zealot x2  
  161  8:57  Zealot x2  
  161  9:02  Photon Cannon  
  165  9:03  Pylon x2  
  153  9:17  Archon  
  153  9:21  Archon x2  
  153  9:22  Stalker x3  
  153  9:23  Stalker x4  
  153  9:24  Stalker x3  
  112  9:38  Probe x4  
  101  9:45  Pylon  
  101  9:50  Probe x2, High Templar x4  
  101  9:51  Zealot x3  
  117  9:55  Archon  
  117  9:56  Archon  
  115  10:01  Nexus  
  115  10:02  Pylon  
  115  10:08  Probe x3  
  118  10:16  High Templar x2  
  118  10:19  Zealot  
  118  10:20  Probe  
  125  10:22  Zealot x3  
  125  10:23  Zealot  
  125  10:28  Pylon  
  117  10:40  Pylon  
  117  10:42  Pylon  
  115  10:51  Pylon  
  101  11:04  Probe  
  101  11:05  Probe  
  101  11:08  High Templar x3  
  101  11:09  Archon  
  109  11:12  Archon  
  109  11:14  High Templar  
  111  11:18  Pylon  
  111  11:22  Archon  
  111  11:25  Probe x2  
  111  11:27  Probe  
  114  11:37  Probe  
  113  11:42  Zealot x6  
  114  11:58  Probe x3  
  116  12:01  Immortal  
  118  12:09  High Templar x2  
  122  12:18  Probe x3  
  125  12:31  Nexus  
  125  12:34  Observer  
  113  12:44  Zealot x3  
  113  12:45  Zealot x2  
  119  12:51  Observer  
  113  13:08  High Templar x6  
  121  13:14  Archon x2  
  119  13:31  Pylon  
  119  13:32  Pylon  
  111  13:36  Archon  
Tags
 
Add a new tag
Caveats
  • Supply blocks, unpowered buildings, or Contaminate may cause inaccurate times.
  • Supply counts are checked every 10 seconds.